AoeStats
← jens_steffen1

Black Forest

510386500Analyzed
4v4 RM · 1d ago on Sep 30, 2026· 47m 31s· 8 players
Game mode
Random Map
Map size
Large (8 player)
Population
200
Speed
Normal
Resources
Standard
Victory
Conquest
Starting age
Dark Age
Ending age
Imperial Age
RankedLock teamsTeams togetherTeam positionsShared explorationLock speedFull tech treeHidden civsTurbo modeCheats
Victory
Defeat
🇨🇴 Huns · Colombia
835
+13
🇩🇪 Portuguese · Germany
803
+14
🇦🇷 Burgundians · Argentina
802
+14
🇧🇷 Italians · Brazil
768
+15
🇹🇷 Saxons · Türkiye
814
-17
🇹🇷 Danes · Türkiye
769
-14
🇹🇷 Bohemians · Türkiye
727
-13
🇹🇷 Byzantines · Türkiye
715
-12
estebanlozanop
10:00 Feudal Age
16:43 Castle Age
28:29 Imperial Age
25:49 Loom
27:22 Wheelbarrow
27:44 Double-Bit Axe
28:24 Scale Barding Armor
28:41 Bow Saw
30:54 Hand Cart
31:02 Forging
30:16 Cavalier
31:07 Bloodlines
30:58 Husbandry
32:16 Iron Casting
33:10 Two-Man Saw
31:53 Horse Collar
32:06 Paladin
33:10 Chain Barding Armor
33:52 Blast Furnace
33:01 Heavy Plow
33:06 Caravan
34:21 Plate Barding Armor
34:28 Gold Mining
34:32 Stone Mining
39:01 Gold Shaft Mining
jens_steffen1
0:37 Loom
14:34 Feudal Age
15:37 Double-Bit Axe
15:33 Horse Collar
20:21 Castle Age
18:41 Stone Mining
18:41 Gold Mining
19:00 Gold Mining
22:06 Wheelbarrow
22:58 Bow Saw
25:21 Stone Shaft Mining
24:53 Fishing Lines
26:46 Hand Cart
26:48 Town Watch
29:19 Treadmill Crane
29:47 Heavy Plow
30:41 Caravan
34:08 Imperial Age
31:53 Masonry
32:46 Town Patrol
33:08 Murder Holes
33:34 Ballistics
35:50 Chemistry
35:37 Conscription
36:47 Siege Engineers
42:35 Architecture
47:45 Arquebus
Robert
10:47 Loom
12:47 Feudal Age
14:43 Wheelbarrow
13:58 Double-Bit Axe
21:13 Castle Age
20:58 Gold Mining
21:01 Fletching
21:11 Padded Archer Armor
21:18 Fishing Lines
23:15 Bodkin Arrow
23:36 Leather Archer Armor
25:55 Gillnets
30:12 Bow Saw
30:43 Ballistics
33:52 Treadmill Crane
37:25 Imperial Age
38:15 Thumb Ring
38:48 Ring Archer Armor
38:19 Bracer
39:22 Chemistry
41:23 Pirotechnia
Nahue
0:34 Loom
12:40 Feudal Age
13:08 Double-Bit Axe
13:06 Horse Collar
21:30 Castle Age
19:42 Heavy Plow
20:48 Stone Mining
23:30 Bow Saw
26:34 Gold Mining
28:36 Crop Rotation
31:02 Two-Man Saw
31:08 Wheelbarrow
34:57 Imperial Age
33:00 Hand Cart
33:33 Forging
33:30 Scale Barding Armor
34:58 Iron Casting
34:25 Scale Mail Armor
33:48 Pikeman
34:43 Husbandry
34:40 Cavalier
36:49 Chemistry
38:26 Gold Shaft Mining
38:11 Fletching
39:21 Blast Furnace
38:40 Chain Mail Armor
38:46 Squires
38:23 Paladin
39:45 Halberdier
42:15 Plate Mail Armor
42:06 Chain Barding Armor
Hebele
0:28 Loom
13:20 Feudal Age
13:50 Double-Bit Axe
19:55 Castle Age
19:25 Horse Collar
22:30 Bow Saw
23:18 Heavy Plow
23:17 Fishing Lines
23:53 Gold Mining
27:31 Fletching
31:44 Imperial Age
30:14 Guard Tower
30:54 Murder Holes
31:32 Bodkin Arrow
33:47 Town Watch
34:15 Forging
34:06 Scale Mail Armor
34:51 Arson
36:34 Iron Casting
35:56 Gambesons
37:21 Squires
38:07 Bracer
37:34 Capped Ram
40:55 Shield Wall
42:44 Wheelbarrow
43:36 Elite Skirmisher
45:20 Chain Mail Armor
xemre89
5:40 Loom
12:39 Feudal Age
18:15 Castle Age
17:01 Horse Collar
17:10 Double-Bit Axe
19:29 Heavy Plow
19:44 Bow Saw
22:09 Wheelbarrow
24:28 Fervor
27:16 Caravan
30:44 Hand Cart
30:38 Padded Archer Armor
30:32 Fletching
33:53 Bodkin Arrow
34:13 Leather Archer Armor
34:00 Scale Mail Armor
34:10 Forging
34:22 Ballistics
35:03 Chemistry
36:48 Imperial Age
34:55 Wagenburg Tactics
35:31 Arson
35:46 Squires
35:07 Pikeman
37:55 Iron Casting
37:36 Chain Mail Armor
37:01 Houfnice
38:13 Conscription
37:25 Halberdier
37:29 Elite Skirmisher
39:31 Ring Archer Armor
39:01 Bracer
40:02 Blast Furnace
39:09 Siege Engineers
38:50 Elite Hussite Wagon
43:17 Plate Mail Armor
TheMentoR
0:32 Loom
12:27 Feudal Age
13:01 Double-Bit Axe
20:43 Castle Age
19:08 Horse Collar
19:28 Stone Mining
19:28 Gold Mining
20:16 Fishing Lines
20:31 Gold Mining
22:01 Bow Saw
21:55 Heavy Plow
25:15 Stone Shaft Mining
25:17 Gold Shaft Mining
25:04 Gillnets
26:27 Wheelbarrow
25:37 Town Watch
29:54 Hand Cart
29:40 Town Patrol
33:10 Imperial Age
33:25 Caravan
38:06 Ballistics
37:51 Heavy Scorpion
42:27 Forging
42:19 Scale Mail Armor
43:44 Iron Casting
42:38 Pikeman
43:19 Squires
43:16 Halberdier
44:54 Chain Mail Armor
46:09 Blast Furnace
45:58 Northmen's Fury
46:59 Conscription
Burak_el_Lion
1:04 Loom
13:48 Feudal Age
15:17 Wheelbarrow
20:43 Double-Bit Axe
20:54 Gold Mining
20:56 Stone Mining
25:50 Castle Age
34:52 Forging
34:42 Scale Mail Armor
34:35 Fletching
34:46 Padded Archer Armor
34:23 Elite Skirmisher
38:19 Imperial Age
36:37 Iron Casting
38:02 Ballistics
40:03 Chemistry
41:04 Leather Archer Armor
40:46 Bodkin Arrow
41:12 Chain Mail Armor
41:19 Pikeman
42:00 Squires
41:21 Elite Varangian Guard
44:50 Halberdier
Connection lost

Rejoining the realm…

Still unreachable

The connection could not be restored.

Session expired

The server has moved on; the page needs a fresh start.